 Dungeon Crawl Stone Soup version 0.19.1 (webtiles) character file.

232 GordonOverkill the Skirmisher (level 5, 0/46 HPs)
             Began as a Minotaur Earth Elementalist on Dec 12, 2016.
             Slain by an ogre
             ... wielding a +0 giant club
              (11 damage)
             ... on level 4 of the Dungeon.
             The game lasted 00:07:54 (3600 turns).

GordonOverkill the Skirmisher (MiEE)                Turns: 3600, Time: 00:07:54

Health: 0/46       AC:  8    Str: 14    XL:     5   Next: 73%
Magic:  6/6        EV:  9    Int: 12    God:
Gold:   36         SH:  0    Dex: 10    Spells: 1 memorised, 5 levels left

rFire  . . .     SeeInvis .     F - +1 hand axe (freeze)
rCold  . . .     Gourm    .     o - +0 scale mail
rNeg   . . .     Faith    .     (no shield)
rPois  .         Spirit   .     (helmet restricted)
rElec  .         Reflect  .     (no cloak)
rCorr  .         Harm     .     B - +0 pair of gloves
MR     .....                    (no boots)
Stlth  ..........               (no amulet)
                                (no ring)
                                (no ring)

@: no status effects
A: retaliatory headbutt, horns 2
a: no special abilities


You were on level 4 of the Dungeon.
You were not hungry.

You visited 1 branch of the dungeon, and saw 4 of its levels.

You collected 198 gold pieces.
You spent 162 gold pieces at shops.

Inventory:

Hand Weapons
 F - a +1 hand axe of freezing (weapon)
Missiles
 z - 3 tomahawks (quivered)
Armour
 o - a +0 scale mail (worn)
 B - a +0 pair of gloves (worn)
Jewellery
 k - a +1 ring of slaying {unknown}
 E - an uncursed ring of stealth {unknown}
Wands
 p - a wand of digging (8/24)
 v - a wand of polymorph (9/24)
Scrolls
 g - 2 scrolls of enchant armour {unknown}
 i - a scroll of noise {unknown}
 l - 3 scrolls of magic mapping {unknown}
 m - 3 scrolls of enchant weapon {unknown}
 n - 2 scrolls of teleportation {unknown}
 s - 2 scrolls of recharging {unknown}
 x - 2 scrolls of identify {unknown}
 A - 2 scrolls of remove curse {unknown}
Potions
 f - a potion of heal wounds
 h - 2 potions of might {unknown}
 j - a potion of haste {unknown}
 t - 2 potions of degeneration {unknown}
 u - 2 potions of flight {unknown}
 w - 2 potions of brilliance {unknown}
 D - a potion of mutation {unknown}
Books
 e - a book of Geomancy

   Spells                             Type                      Level
   a - Sandblast                      Earth                        1
   b - Passwall                       Transmutation/Earth          2
   c - Stone Arrow                    Conjuration/Earth            3
   d - Petrify                        Transmutation/Earth          4
   e - Lee's Rapid Deconstruction     Earth                        5
Comestibles
 a - 2 meat rations
 b - 4 fruits
 d - a bread ration
 r - a beef jerky


   Skills:
 + Level 4.2 Fighting
 * Level 2.4 Axes
 + Level 4.2 Armour
 - Level 2.1 Dodging
 - Level 1.5 Stealth
 - Level 1.3 Spellcasting
   Level 0.7 Transmutations
 - Level 2.4 Earth Magic


You had 5 spell levels left.
You knew the following spells:

 Your Spells              Type           Power        Failure   Level  Hunger
a - Sandblast             Erth           #.....       47%         1    ##.....


Dungeon Overview and Level Annotations

Branches:
Dungeon (4/15)
 Temple: D:4-7

Altars:

Shops:
D:4 (


Innate Abilities, Weirdness & Mutations

You reflexively headbutt those who attack you in melee.
You have a pair of horns on your head.


Message History

The ogre hits you with a giant club!
The centaur hits you but does no damage.
You are too injured to fight recklessly!
You are too injured to fight recklessly!
Okay, then.
You see here an arrow.
You see here 2 arrows.
It was a potion of heal wounds.
You feel much better. The ogre hits you with a giant club!
You hit the ogre but do no damage.
The ogre is moderately wounded.
The ogre hits you but does no damage.
You slash the ogre! You freeze the ogre. You headbutt the ogre.
The ogre is severely wounded.
The ogre hits you with a giant club!
* * * LOW HITPOINT WARNING * * *
You hit the ogre. You freeze the ogre.
The ogre is almost dead.
The ogre hits you with a giant club!
You die...

#........).#
#(.........#
#........### #....#####
#####[...#
##........#############
.......................
.................##
##........######@.#
##.....#### ##O##
##.....# #cZ# ##.....#
##(# #.....# #.#
#.....# #..# .....
.......# ........#


You could see an ogre, a centaur and a leopard gecko skeleton.

Vanquished Creatures
  An ogre (D:4)
  Jessica (D:2)
  Ijyb (D:2)
  2 adders (D:3)
  3 worms
  2 dart slugs
  2 orcs (D:3)
  2 ball pythons
  2 giant cockroaches
  6 goblins
  9 hobgoblins
  3 jackals (D:3)
  2 quokkas
  10 bats
  5 frilled lizards
  12 kobolds
  7 rats (D:2)
70 creatures vanquished.

Notes
Turn   | Place    | Note
-------+----------+-------------------------------------------
     0 | D:1      | GordonOverkill the Minotaur Earth Elementalist began the quest for the Orb.
     0 | D:1      | Reached XP level 1. HP: 14/14 MP: 1/1
   400 | D:1      | Reached skill level 1 in Armour
   429 | D:1      | Reached skill level 1 in Fighting
   599 | D:1      | Reached XP level 2. HP: 22/23 MP: 3/3
  1748 | D:2      | Reached XP level 3. HP: 29/29 MP: 4/4
  2140 | D:2      | Noticed Jessica
  2142 | D:2      | Killed Jessica
  2142 | D:2      | Reached XP level 4. HP: 38/38 MP: 5/5
  2143 | D:2      | Noticed Ijyb
  2155 | D:2      | Killed Ijyb
  3041 | D:3      | Reached XP level 5. HP: 46/46 MP: 6/6
  3381 | D:4      | Noticed an ogre
  3387 | D:4      | Killed an ogre
  3525 | D:4      | Found Fafez's Antique Weapon Boutique.
  3529 | D:4      | Bought a runed hand axe for 162 gold pieces
  3585 | D:4      | Noticed a centaur
  3588 | D:4      | Noticed an ogre
  3600 | D:4      | Slain by an ogre

Skill      XL: |  1  2  3  4  5 |
---------------+----------------+-----
Armour         | 1 2 3 4 |  4.2
Fighting       | 1 2 3 4 |  4.2
Axes           | 2 |  2.4
Dodging        | |  2.1
Stealth        | |  1.5
Spellcasting   | |  1.3
Transmutations | |  0.7
Earth Magic    | |  2.4

Action                   |  1- 3 |  4- 6 || total
-------------------------+-------+-------++-------
Melee: Spear             |   135 |    22 ||   157
       Headbutt          |     8 |    15 ||    23
       Dagger            |       |    72 ||    72
       Hand axe          |       |     6 ||     6
  Use: Potion            |       |     1 ||     1
 Stab: Sleeping          |     3 |       ||     3
  Eat: Chunk             |     4 |     5 ||     9
Armor: Robe              |    10 |       ||    10
       Ring mail         |    13 |    43 ||    56
       Leather armour    |     1 |       ||     1
       Scale mail        |       |     7 ||     7
Dodge: Dodged            |    48 |    47 ||    95
